 Dungeon Crawl Stone Soup version 0.21.0-3-g78d12a8 (webtiles) character file.

10 tidbits the Conjurer (level 2, -2/14 HPs)
             Began as a Vine Stalker Conjurer on Jan 10, 2018.
             Slain by an adder (4 damage)
             ... on level 3 of the Dungeon.
             The game lasted 00:02:37 (342 turns).

tidbits the Conjurer (Vine Stalker Conjurer)         Turns: 342, Time: 00:02:38

Health: -2/14      AC:  2    Str: 10    XL:     2   Next: 20%
Magic:  0/6        EV: 12    Int: 15    God:
Gold:   21         SH:  0    Dex: 14    Spells: 4/5 levels left

rFire    . . .     SeeInvis .   f - +0 dagger
rCold    . . .     Gourm    .   (no shield)
rNeg     . . .     Faith    .   B - +0 robe
rPois    .         Spirit   +   (no helmet)
rElec    .         Reflect  .   (no cloak)
rCorr    .         Harm     .   (no gloves)
MR       .....                  (no boots)
Stlth    ++........             (no amulet)
HPRegen  0.04/turn              (no ring)
MPRegen  0.10/turn              (no ring)

@: lethally poisoned (-2 -> -7)
A: fangs 2, magic shield, antimagic bite, no potion heal 3, rot immunity
a: no special abilities


You were on level 3 of the Dungeon.
You were not hungry.

You visited 1 branch of the dungeon, and saw 3 of its levels.

You collected 21 gold pieces.

Inventory:

Hand Weapons
 e - a +0 short sword
 f - a +0 dagger (weapon)
Missiles
 j - a throwing net (quivered) {!f}
 k - 4 stones
Armour
 a - a +0 ring mail
 B - a +0 robe (worn)
Scrolls
 d - a scroll of amnesia {unknown}
 g - a scroll of magic mapping {unknown}
 i - a scroll of enchant weapon {unknown}
Potions
 h - a potion of curing {unknown}
Books
 b - a book of Conjurations

   Spells                             Type                      Level
   a - Magic Dart                     Conjuration                  1
   b - Searing Ray                    Conjuration                  2
   c - Dazzling Spray                 Conjuration/Hexes            3
   d - Fulminant Prism                Conjuration/Hexes            4
   e - Force Lance                    Conjuration/Translocation    4
   f - Iskenderun's Mystic Blast      Conjuration                  4
Comestibles
 c - 2 rations


   Skills:
 + Level 1.0 Fighting
 - Level 1.5 Dodging
 + Level 3.1 Stealth
 - Level 2.1 Spellcasting
 - Level 4.0 Conjurations


You had 4 spell levels left.
You knew the following spells:

 Your Spells              Type           Power        Failure   Level  Hunger
z - Magic Dart            Conj           ##..         4%          1    #......


Dungeon Overview and Level Annotations

Branches:
Dungeon (3/15)

Altars:


Innate Abilities, Weirdness & Mutations

You have extremely sharp teeth.
When hurt, damage is shared between your health and your magic reserves.
Your bite disrupts and absorbs the magic of your enemies.
Potions cannot restore your health.
You are immune to rotting.


Message History

The goblin shouts!
The goblin closely misses you.
Unknown command.
You hit the goblin but do no damage. Your bite misses the goblin.
The goblin closely misses you.
You barely miss the goblin. You barely miss the goblin. You bite the goblin.
You drain its power.
The goblin is heavily wounded.
The goblin barely misses you.
You hit the goblin.
You kill the goblin!
You have reached level 2!
You hit the giant cockroach. You bite the giant cockroach. You drain its power.
You kill the giant cockroach!
Your Fighting skill increases to level 1!
Your Stealth skill increases to level 3!
Unknown command.
Unknown command.
Unknown command.
Okay, then.
Found a ration.
Found 21 stones.
Found a stone staircase leading down.
c - 2 rations (gained 1)
Found a stone staircase leading down.
Found a scroll labeled NIADUGI LEVU RIPAR.
Found a stone staircase leading down.
A bat and an orc wizard come into view.
There is a stone staircase leading down here.
You climb downwards.
There is a stone staircase leading up here.
Unknown command.
A kobold comes into view.
The kobold moves out of view.
Found a ring mail.
You hit the kobold.
The kobold is moderately wounded.
The kobold hits you.
You hit the kobold.
You kill the kobold!
No target in view!
No target in view!
Things that are here:
4 stones; a kobold corpse
k - 4 stones Adjust (i)tems, (s)pells, or (a)bilities?
Adjust which item? (? for menu, Esc to quit)
a - a +0 robe (worn)
Adjust to which letter? (? for menu, Esc to quit)
B - a +0 robe (worn)
A quokka comes into view.
Found 10 gold pieces.
An adder comes into view.
Found 10 gold pieces.
You see here a ring mail.
a - a ring mail You hit the quokka.
You bite the quokka. You drain its power.
You kill the quokka!
Found 15 sling bullets.
Found a robe.
You hit the adder. You bite the adder. You drain its power.
The adder is moderately wounded.
The adder bites you.
You closely miss the adder.
The adder is moderately wounded.
The adder closely misses you.
You hit the adder but do no damage. Your bite misses the adder.
The adder is moderately wounded.
The adder barely misses you. The adder bites you.
You closely miss the adder.
The adder is moderately wounded.
The adder barely misses you.
You hit the adder but do no damage. You bite the adder. You drain its power.
You feel invigorated.
The adder is heavily wounded.
The adder bites you.
* * * LOW HITPOINT WARNING * * *
You barely miss the adder.
The adder is heavily wounded.
The adder misses you.
You barely miss the adder. You bite the adder. You drain its power.
You feel invigorated.
The adder is severely wounded.
The adder bites you.
* * * LOW HITPOINT WARNING * * *
You are poisoned.
The adder poisons you! The adder closely misses you.
You completely miss the adder.
The adder is heavily wounded.
* * * LOW HITPOINT WARNING * * *
You feel sick. The adder bites you.
* * * LOW HITPOINT WARNING * * *
You miss the adder.
The adder is heavily wounded.
The adder bites you.
* * * LOW HITPOINT WARNING * * *
You hit the adder.
The adder is severely wounded.
The adder barely misses you. The adder bites you.
You die...

....... ....... .......
....... ....... .......
.......#### ......S@..###
#..........#...#
...$.....#..##.#
..........#..(.##
..........####..# ..
.....$....#.....###.#
#.................#.#
#.....†.............#
...............####.#####


You could see an adder.

Vanquished Creatures
  A giant cockroach (D:2)
  A goblin (D:2)
  A quokka (D:3)
  A ball python (D:1)
  2 bats (D:1)
  2 frilled lizards (D:1)
  A kobold (D:3)
  2 rats (D:1)
11 creatures vanquished.

Notes
Turn   | Place    | Note
-------+----------+-------------------------------------------
     0 | D:1      | tidbits the Vine Stalker Conjurer began the quest for the Orb.
     0 | D:1      | Reached XP level 1. HP: 9/9 MP: 4/4
   266 | D:2      | Reached XP level 2. HP: 13/14 MP: 6/6
   267 | D:2      | Reached skill level 1 in Fighting
   267 | D:2      | Reached skill level 3 in Stealth
   342 | D:3      | Slain by an adder

Skill      XL: |  1  2 |
---------------+-------+-----
Fighting       | 1 |  1.0
Stealth        | 3 |  3.1
Dodging        | |  1.5
Spellcasting   | |  2.1
Conjurations   | |  4.0

Action                   || total
-------------------------++-------
Melee: Dagger            ||    36
       Bite              ||     9
 Stab: Sleeping          ||     2
Armor: Robe              ||     3
Dodge: Dodged            ||    22

Table legend:
 A = Turns spent in this place as a percentage of turns spent in the entire game.
 B = Non-inter-level travel turns spent in this place as a percentage of non-inter-level travel turns spent in the entire game.
 C = Inter-level travel turns spent in this place as a percentage of turns spent in this place.
 D = Turns resting spent in this place as a percentage of non-inter-level travel turns spent in this place.
 E = Turns spent auto-exploring this place as a percentage of non-inter-level travel turns spent in this place.
 F = Non-inter-level travel turns spent in this place divided by the number of levels of this place that you've seen.
                   A       B       C       D       E      F
               +-------+-------+-------+-------+-------+----------------------
         Total | 100.0 | 100.0 |   0.0 |   0.0 |   0.0 | 114.0
       Dungeon | 100.0 | 100.0 |   0.0 |   0.0 |   0.0 | 114.0
               +-------+-------+-------+-------+-------+----------------------

Table legend:
 A = Kills in this place as a percentage of kills in entire the game.
 B = Kills by you in this place as a percentage of kills by you in the entire game.
 C = Kills by friends in this place as a percentage of kills by friends in the entire game.
 D = Other kills in this place as a percentage of other kills in the entire game.
 E = Experience gained in this place as a percentage of experience gained in the entire game.
 F = Experience gained in this place divided by the number of levels of this place that you have seen.
                   A       B       C       D       E      F
               +-------+-------+-------+-------+-------+----------------------
         Total | 100.0 | 100.0 |   N/A |   N/A | 100.0 |   5.0
       Dungeon | 100.0 | 100.0 |   N/A |   N/A | 100.0 |   5.0
               +-------+-------+-------+-------+-------+----------------------

Vault maps used:
D:1:      moated_graveyard_arrival
D:2:      first_ration, grunt_ministairs_2, evilmike_ruin_ashenzari
D:3:      cheibrodos_gnoll_hut
